 Dungeon Crawl Stone Soup version 0.19-a0-1320-g0178847 (webtiles) character file.

2547 Amnesiac the Grappler (level 9, -11/133 HPs)
             Began as a Troll Berserker on Sept 1, 2016.
             Was a Priest of Trog.
             Mangled by a yak (14 damage)
             ... on level 1 of the Lair of Beasts.
             The game lasted 00:03:54 (1237 turns).

Amnesiac the Grappler (Troll Berserker)             Turns: 1237, Time: 00:03:55

Health: -11/133    AC:  5    Str: 32    XL:     9   Next: 30%
Magic:  8/8        EV: 12    Int:  3    God:    Trog [***...]
Gold:   70         SH:  0    Dex: 12    Spells: 0 memorised, 8 levels left

rFire  . . .     SeeInvis .       - Unarmed
rCold  . . .     Gourm    +     a - +0 animal skin
rNeg   . . .     Faith    .     (no shield)
rPois  +         Spirit   .     (helmet restricted)
rElec  .         Dismiss  .     (no cloak)
rCorr  .         Reflect  .     (gloves unavailable)
MR     .....     Harm     .     (boots unavailable)
Stlth  ..........               (no amulet)
                                (no ring)
                                k - ring of poison resistance

@: berserking, very quick
A: unfitting armour, claws 3, fast metabolism 3, gourmand, regeneration 1,
shaggy fur 1, tough skin 2
a: Berserk, Trog's Hand, Burn Spellbooks, Renounce Religion


You were on level 1 of the Lair of Beasts.
You worshipped Trog.
Trog was most pleased with you.
You were very full.

You visited 2 branches of the dungeon, and saw 8 of its levels.

You collected 70 gold pieces.

Inventory:

Hand Weapons
 i - a +2 hand axe of flaming
Missiles
 q - 2 throwing nets (quivered)
Armour
 a - a +0 animal skin (worn)
Jewellery
 k - a ring of poison resistance (left claw)
Wands
 f - a wand of slowing (27/48)
 l - a wand of lightning (4/15)
Scrolls
 d - a scroll of blinking {unknown}
 e - 3 scrolls of identify {unknown}
 g - a scroll of immolation {unknown}
 o - a scroll of teleportation {unknown}
Potions
 h - 2 potions of curing {unknown}
 j - a potion of berserk rage {unknown}
 m - a potion of ambrosia {unknown}
 p - a potion of magic {unknown}
Comestibles
 b - 5 bread rations
 c - a slice of pizza
 n - 9 chunks of flesh


   Skills:
 + Level 5.8 Fighting
 + Level 5.8 Dodging
 * Level 9.4 Unarmed Combat


You had 8 spell levels left.
You didn't know any spells.

Dungeon Overview and Level Annotations

Branches:
Dungeon (8/15)             Temple (0/1) D:6            Lair (1/6) D:8

Altars:
Gozag


Innate Abilities, Weirdness & Mutations

You are too large for most types of armour.
You have claws for hands.
Your metabolism is lightning-fast.
You like to eat raw meat.
Your natural rate of healing is unusually fast.
You are covered in fur. (AC +1)
You have very tough skin. (AC +2)


Message History

Unknown command.
You claw the spiny frog!
The spiny frog is almost dead.
The yak barely misses you.
The spiny frog stings you but does no damage.
Unknown command.
You closely miss the spiny frog.
The spiny frog is almost dead.
The yak barely misses you. The yak closely misses you. The yak gores you.
* * * LOW HITPOINT WARNING * * *
Unknown command.
You barely miss the spiny frog.
The spiny frog is almost dead.
The spiny frog barely misses you.
Unknown command.
You claw the spiny frog!
You kill the spiny frog!
Trog accepts your kill. The yak gores you!
You die...

.H..>............##
#...P...#........#
##......##...#..#
#.....##......#
#.##...#......# ..
#.........##
...?...#.<..##.#
.[....#...#Y.###
...Y.......Y@#
%..........YY#
......##.....P.
...##. #......... #
##....##..≈P .###.#
.... .# ### ..≈ .#
.≈


You could see 4 yaks.

Vanquished Creatures
  A spiny frog (Lair:1)
  Prince Ribbit (D:8)
  A yak (Lair:1)
  A hippogriff (D:8)
  2 hell hounds (D:8)
  3 orc warriors
  A porcupine (Lair:1)
  An eye of draining (D:8)
  2 ogres
  A phantom (D:5)
  2 giant frogs (D:7)
  A howler monkey (D:8)
  5 wights
  A crimson imp (D:8)
  A quasit (D:7)
  A giant frog zombie (D:5)
  A jelly (D:6)
  2 orc priests
  2 giant frog skeletons
  A centaur skeleton (D:7)
  2 orc wizards
  A worker ant (D:6)
  A killer bee zombie (D:7)
  A worker ant zombie (D:8)
  7 gnolls
  A howler monkey skeleton (D:7)
  A shadow imp (D:6)
  A giant gecko (D:6)
  11 orcs
  A giant cockroach (D:8)
  2 goblins (D:1)
  A hobgoblin (D:1)
  3 jackals (D:6)
  A quokka (D:8)
  A bat (D:1)
  2 giant newts
  2 kobolds (D:1)
  2 rats (D:1)
72 creatures vanquished.

Notes
Turn   | Place    | Note
-------+----------+-------------------------------------------
     0 | D:1      | Amnesiac the Troll Berserker began the quest for the Orb.
     0 | D:1      | Reached XP level 1. HP: 22/22 MP: 0/0
   139 | D:1      | Reached XP level 2. HP: 29/29 MP: 1/1
   181 | D:2      | You fall through a shaft for 2 floors!
   233 | D:5      | Entered Level 5 of the Dungeon
   237 | D:5      | Reached XP level 3. HP: 36/36 MP: 2/2
   241 | D:5      | Reached skill level 4 in Unarmed Combat
   246 | D:5      | Reached XP level 4. HP: 44/44 MP: 3/3
   291 | D:5      | Noticed a phantom
   315 | D:5      | Killed a phantom
   315 | D:5      | Reached XP level 5. HP: 47/53 MP: 4/4
   323 | D:6      | Noticed an orc warrior
   350 | D:6      | Killed an orc warrior
   350 | D:6      | Reached skill level 5 in Unarmed Combat
   350 | D:6      | Reached XP level 6. HP: 61/61 MP: 5/5
   406 | D:6      | Found a staircase to the Ecumenical Temple.
   428 | D:6      | Noticed an orc warrior
   441 | D:6      | Reached ** piety under Trog
   443 | D:6      | Killed an orc warrior
   443 | D:6      | Reached skill level 6 in Unarmed Combat
   445 | D:6      | Reached XP level 7. HP: 68/68 MP: 6/6
   615 | D:7      | Reached skill level 7 in Unarmed Combat
   861 | D:8      | Noticed a hippogriff
   863 | D:8      | Noticed Prince Ribbit
   867 | D:8      | Killed a hippogriff
   867 | D:8      | Reached XP level 8. HP: 46/79 MP: 7/7
   890 | D:8      | Killed Prince Ribbit
   925 | D:8      | Reached skill level 8 in Unarmed Combat
   972 | D:8      | Reached skill level 5 in Dodging
   983 | D:8      | Reached skill level 5 in Fighting
  1030 | D:8      | Found an opulent altar of Gozag.
  1128 | D:8      | Reached *** piety under Trog
  1193 | D:8      | Found a staircase to the Lair.
  1201 | D:8      | Reached XP level 9. HP: 56/88 MP: 8/8
  1210 | Lair:1   | Entered Level 1 of the Lair of Beasts
  1215 | Lair:1   | Noticed a spiny frog
  1228 | Lair:1   | Reached skill level 9 in Unarmed Combat
  1233 | Lair:1   | HP: 2/132 [yak (10)]
  1237 | Lair:1   | Killed a spiny frog
  1237 | Lair:1   | Mangled by a yak

Vault maps used:
D:1:      ncdulo_watergridlock, minmay_pentomino_r2
D:2:      lemuel_coloured_pillars_altar, minmay_misc_feat_tower,
          minmay_item_behind_shaft
D:4:      gammafunk_temple_overflow_elements, first_bread, uniq_pikel
D:5:      minmay_misc_feat_nine_boxes, uniq_grinder
D:6:      lemuel_tele_altar
D:7:      kennysheep_steamy, tgw_xom, uniq_joseph
D:8:      minmay_lair_entry_lava, grunt_livestock, minmay_ruined_shrine,
          uniq_prince_ribbit1
Lair:1:   kennysheep_rathole, st_stairs_3

Skill      XL: |  1  2  3  4  5  6  7  8  9 |
---------------+----------------------------+-----
Unarmed Combat | 4 5 6 7 8 9 |  9.4
Fighting       | 3 4 5 |  5.8
Dodging        | 3 4 5 |  5.8

Action                   |  1- 3 |  4- 6 |  7- 9 || total
-------------------------+-------+-------+-------++-------
Melee: Unarmed           |    26 |    42 |   157 ||   225
       Punch             |       |       |     5 ||     5
Invok: Berserk           |     1 |     2 |     3 ||     6
  Eat: Chunk             |     7 |     4 |    11 ||    22
Armor: Animal skin       |     6 |     7 |    34 ||    47
Dodge: Dodged            |    12 |    16 |    85 ||   113
